 Dungeon Crawl Stone Soup version 0.32-a0-7-ge934b4519a (webtiles) character file.

Game seed: 4374320606438483795

9 Doj the Digger (level 2, 0/17 HPs)
             Began as an Octopode Earth Elementalist on Jan 13, 2024.
             Slain by a kobold
             ... wielding a +4 short sword of protection
              (2 damage)
             ... on level 1 of the Dungeon.
             The game lasted 00:01:06 (237 turns).

Doj the Digger (Octopode Earth Elementalist)         Turns: 237, Time: 00:01:07

Health: 0/17       AC:  1    Str:  7    XL:     2   Next: 16%
Magic:  0/5        EV: 13    Int: 17    God:
Gold:   26         SH:  0    Dex: 12    Spells: 4/5 levels left

rFire   . . .        (no weapon)
rCold   . . .        (no shield)
rNeg    . . .        (helmet restricted)
rPois   .            (no amulet)
rElec   .            (no ring)
rCorr   .            (no ring)
SInv    .            (no ring)
Will    .....        (no ring)
Stlth   +++          (no ring)
HPRegen 0.22/turn    (no ring)
MPRegen 0.09/turn    (no ring)
                     (no ring)

%: no passive effects
@: no status effects
A: almost no armour, amphibious, 8 rings, camouflage 1, gelatinous body 1,
(nimble swimmer 1), tentacles
a: no special abilities


You were on level 1 of the Dungeon.
You visited 1 branch of the dungeon, and saw 1 of its levels.

You collected 26 gold pieces.

Inventory:

Scrolls
 b - a scroll of identify {unknown}
Potions
 a - a potion of magic
 c - a potion of mutation {unknown}
 d - a potion of curing {unknown}
 e - a potion of berserk rage {unknown}
 f - a potion of heal wounds {unknown}


   Skills:
 - Level 2.0 Dodging
 - Level 2.6 Stealth
 + Level 2.2 Spellcasting
 + Level 1.4 Conjurations
 + Level 3.2 Earth Magic


You had 4 spell levels left.
You knew the following spells:

 Your Spells              Type           Power      Damage    Failure   Level
a - Sandblast             Erth           24%        2d8       4%          1

Your spell library contained the following spells:

 Spells                   Type           Power      Damage    Failure   Level
 Passwall                 Erth           12%        N/A       16%         3
 Stone Arrow              Conj/Erth      18%        3d8       22%         3
 Brom's Barrelling Bould  Conj/Erth      9%         2d3       58%         4
 Petrify                  Alch/Erth      7%         N/A       69%         4


Dungeon Overview and Level Annotations

Branches:
Dungeon (1/15)

Altars:


Innate Abilities, Weirdness & Mutations

You cannot wear most types of armour.
You are amphibious.
You can wear up to eight rings at the same time.
Your skin changes colour to match your surroundings (Stealth+).
Your rubbery body absorbs attacks. (AC +1, EV +1)
((You are camouflaged when in or above water. (Stealth+)))
You have tentacles for arms and can constrict up to eight enemies at once.


Message History

The blast of sand hits the kobold but does no damage.
The kobold hits you with a +4 short sword of protection.
You are too injured to fight recklessly!
You are too injured to fight recklessly!
Casting: Sandblast (safe; 4% risk of failure)
Confirm with . or Enter, or press ? or * to list all spells.
Aiming: Sandblast (safe; 4% risk of failure)
Press: ? - help, Shift-Dir - straight line, f/p - kobold
Aim: a kobold, wielding a +4 short sword of protection and quivering stones (77% to hit)
The blast of sand hits the kobold but does no damage.
The kobold completely misses you.
Casting: Sandblast (safe; 4% risk of failure)
Confirm with . or Enter, or press ? or * to list all spells.
Aiming: Sandblast (safe; 4% risk of failure)
Press: ? - help, Shift-Dir - straight line, f/p - kobold
Aim: a kobold, wielding a +4 short sword of protection and quivering stones (77% to hit)
The blast of sand hits the kobold.
The kobold is severely wounded.
The kobold hits you with a +4 short sword of protection.
Casting: Sandblast (safe; 4% risk of failure)
Confirm with . or Enter, or press ? or * to list all spells.
You don't have enough magic to cast this spell.
Unknown command.
The kobold hits you with a +4 short sword of protection.
The kobold attacks as it pursues you!
The kobold hits you with a +4 short sword of protection.
* * * LOW HITPOINT WARNING * * *
The kobold hits you with a +4 short sword of protection.
* * * LOW HITPOINT WARNING * * *
The kobold closely misses you.
Casting: Sandblast (safe; 4% risk of failure)
Confirm with . or Enter, or press ? or * to list all spells.
Aiming: Sandblast (safe; 4% risk of failure)
Press: ? - help, Shift-Dir - straight line, f/p - kobold
Aim: a kobold, wielding a +4 short sword of protection and quivering stones (77% to hit)
The blast of sand hits the kobold but does no damage.
The kobold barely misses you. The kobold attacks as it pursues you!
The kobold hits you with a +4 short sword of protection.
You die...

# ..#.#>.......#.....#
#.####.#........#.#.#.#
#....†.#........#.#.#.#
#.##..................######
####.##.####.####.##.###......##
#....)..#.....†.#.##.....####..#
#.##.#..#.##......############.#
# #.#..#.#####.### #..#......
#.##.........##@#### #)#.......
#.......#.##.#..K..#####.....#.#
##.##.#................#......#.#
.........#..........####......#.#
##.##.##.#.####.....# #....#.#.#
#.........# #.....# #...##.#.#
####.###### ##.##### #.....⌠#.#
... #...# #..#..#####.# ...†.
#...# #..........<.


You could see a kobold.

Vanquished Creatures
  A bat (D:1)
  An endoplasm (D:1)
  A goblin (D:1)
  A hobgoblin (D:1)
  A quokka (D:1)
  A ball python (D:1)
  3 rats (D:1)
9 creatures vanquished.

Notes
Turn   | Place    | Note
-------+----------+-------------------------------------------
     0 | D:1      | Doj the Octopode Earth Elementalist began the quest for the
                  | Orb.
     0 | D:1      | Reached XP level 1. HP: 11/11 MP: 3/3
   152 | D:1      | Reached XP level 2. HP: 17/17 MP: 3/5
   237 | D:1      | Slain by a kobold

Illustrated notes

Levels and vault maps discovered:
D:1:      matt_arrival_grand_opening, layout_loops_cross,
          minmay_indecisive_spiral

Action                     || total
---------------------------++-------
   Cast: Sandblast         ||    15
 Armour: Skin              ||     8
  Dodge: Dodged            ||     3

Table legend: (Time is in decaauts)
 A = Elapsed time spent in this place.
 B = Non-inter-level travel time spent in this place.
 C = Inter-level travel time spent in this place.
 D = Time resting spent in this place.
 E = Time spent auto-exploring this place.
 F = Levels seen in this place.
 G = Mean time per level.
                   A        B        C        D        E       F      G
               +--------+--------+--------+--------+--------+-----+--------+
         Total |    244 |    244 |      0 |      4 |    189 |   1 |  244.0 |
       Dungeon |    244 |    244 |      0 |      4 |    189 |   1 |  244.0 |
               +--------+--------+--------+--------+--------+-----+--------+

Top non-repeatable levels by time:
     D:1: 244 daAuts
